Map: Catalyseur EC

Players

Orionorbit

  • Race: Protoss Protoss
  • League: Diamond
  • Spawn Location: 5:00

eridon - Winner!

  • Race: Terran Terran
  • League: Gold
  • Spawn Location: 11:00

VOD

Have the link to the VOD?

Description

Time

  • Played on: Aug. 4, 2018, 3:36 a.m.
  • Length: 5:07
Show
View Real Time Build Order
Export as new Build Order

Orionorbit Protoss 

Build Orders: 1 Gate Expand 

Get SALT Encoding   

  12  0:01  Probe  
  13  0:13  Probe  
  14  0:18  Pylon  
  14  0:25  Probe  
  15  0:33  Probe  
  15  0:41  Probe  
  15  0:42  Gateway  
  17  0:52  Probe  
  18  1:05  Probe  
  19  1:25  Probe, Nexus  
  20  1:35  Cybernetics Core  
  20  1:40  Assimilator  
  20  1:44  Probe  
  20  1:46  Assimilator  
  21  1:56  Probe  
  21  2:00  Pylon  
  22  2:12  Probe  
  22  2:20  Probe  
  22  2:21  Adept  
  26  2:38  Probe x2  
  26  2:39  Warp Gate  
  28  2:48  Gateway  
  28  2:50  Probe  
  29  2:52  Stalker  
  29  2:57  Pylon  
  31  3:04  Probe x2  
  33  3:12  Stargate  
  33  3:16  Probe x2  
  34  3:26  Stalker, Shield Battery  
  36  3:28  Probe  
  36  3:31  Probe  
  33  3:55  Stalker  
  31  4:08  Stalker  
  25  4:38  Probe  
  25  4:39  Probe  
  24  4:45  Pylon  
  24  4:51  Probe  
Show
View Real Time Build Order
Export as new Build Order

eridon Terran - Winner!

Build Orders: Cyclone Opening 

Get SALT Encoding   

  12  0:00  SCV  
  13  0:12  SCV  
  14  0:17  Supply Depot  
  14  0:25  SCV  
  15  0:28  Refinery  
  15  0:39  SCV  
  16  0:45  Barracks  
  16  0:51  SCV  
  16  0:56  Refinery  
  17  1:03  SCV  
  18  1:15  SCV  
  19  1:27  SCV  
  20  1:34  Factory  
  20  1:36  Barracks Reactor  
  20  1:41  Orbital Command  
  20  1:51  Supply Depot  
  20  2:07  SCV  
  21  2:18  Supply Depot  
  22  2:22  Reaper  
  22  2:24  SCV  
  22  2:27  Cyclone  
  26  2:30  Cyclone  
  29  2:38  SCV  
  30  2:50  SCV  
  31  2:59  Cyclone  
  31  3:02  Supply Depot, Cyclone  
  37  3:09  SCV  
  38  3:26  Command Center  
  37  3:59  Cyclone  
  37  4:00  Cyclone  
  37  4:10  SCV  
  38  4:22  SCV  
  39  4:26  Refinery  
  39  4:38  SCV  
  40  4:50  SCV  
Tags
 
Add a new tag
Caveats
  • Supply blocks, unpowered buildings, or Contaminate may cause inaccurate times.
  • Supply counts are checked every 10 seconds.